 Dungeon Crawl Stone Soup version 0.21-a0-442-g848f44b (webtiles) character file.

8 slep the Stinger (level 2, -1/21 HPs)
             Began as a Demonspawn Wanderer on Nov 14, 2017.
             Slain by a leopard gecko (2 damage)
             ... on level 1 of the Dungeon.
             The game lasted 00:01:35 (284 turns).

slep the Stinger (Demonspawn Wanderer)               Turns: 284, Time: 00:01:36

Health: -1/21      AC:  2    Str: 11    XL:     2   Next: 0%
Magic:  0/2        EV: 11    Int: 15    God:
Gold:   36         SH:  4    Dex: 11    Spells: 1/1 levels left

rFire    . . .     SeeInvis .   e - +0 club
rCold    . . .     Gourm    .   c - +0 buckler
rNeg     . . .     Faith    .   d - +0 robe
rPois    .         Spirit   +   (no helmet)
rElec    .         Reflect  .   (no cloak)
rCorr    .         Harm     .   (no gloves)
MR       .....                  (no boots)
Stlth    +.........             (no amulet)
HPRegen  0.07/turn              (no ring)
MPRegen  0.08/turn              (no ring)

@: no status effects
A: magic shield
a: no special abilities


You were on level 1 of the Dungeon.
You were not hungry.

You visited 1 branch of the dungeon, and saw 1 of its levels.

You collected 36 gold pieces.

Inventory:

Hand Weapons
 e - a +0 club (weapon)
Armour
 c - a +0 buckler (worn)
 d - a +0 robe (worn)
Scrolls
 g - a scroll of enchant weapon {unknown}
 h - a scroll of fear {unknown}
Books
 a - a Young Poisoner's Handbook

   Spells                             Type                      Level
   a - Sting                          Conjuration/Poison           1
   b - Poisonous Vapours              Poison/Air                   2
   c - Mephitic Cloud                 Conjuration/Poison/Air       3
   d - Olgreb's Toxic Radiance        Poison                       4
   e - Venom Bolt                     Conjuration/Poison           5
 b - the Tome of Transmutation

   Spells                             Type                      Level
   a - Sticks to Snakes               Transmutation                2
   b - Passwall                       Transmutation/Earth          2
Comestibles
 f - a bread ration


   Skills:
 + Level 1.2 Fighting
 + Level 1.0 Maces & Flails
 + Level 1.1 Armour
 + Level 0.3 Dodging
 + Level 0.3 Stealth
 + Level 2.0 Shields
   Level 1.0 Summonings
   Level 4.0 Poison Magic


You had one spell level left.
You didn't know any spells.

Dungeon Overview and Level Annotations

Branches:
Dungeon (1/15)

Altars:


Innate Abilities, Weirdness & Mutations

When hurt, damage is shared between your health and your magic reserves.


Message History

* * * LOW HITPOINT WARNING * * *
The leopard gecko bites you.
* * * LOW HITPOINT WARNING * * *
You barely miss the leopard gecko.
The leopard gecko is almost dead.
The leopard gecko bites you.
* * * LOW HITPOINT WARNING * * *
You block the leopard gecko's attack.
You closely miss the leopard gecko.
The leopard gecko is almost dead.
The leopard gecko bites you.
* * * LOW HITPOINT WARNING * * *
You closely miss the leopard gecko.
The leopard gecko is almost dead.
The leopard gecko closely misses you.
The leopard gecko bites you but does no damage.
You barely miss the leopard gecko.
The leopard gecko is almost dead.
The leopard gecko bites you.
You die...

#........#
##.....
#........#
#.....
#......)####
#.....
#..........#
##....
#..........#
#..).
#.........%#
#....
#..J.......#.#
#....
###l##.....#.#
#....
#@.#.....#.#
#....
##.#######.#
#.... #.## #.#
#...# #..# #.#
#.### ##.## #.#
#.#
#..#####.###.#
##...........#
#..####.###.#
#..####.###.###


You could see an ooze and a leopard gecko.

Vanquished Creatures
  A ball python (D:1)
  2 bats (D:1)
  2 goblins (D:1)
  2 rats (D:1)
7 creatures vanquished.

Notes
Turn   | Place    | Note
-------+----------+-------------------------------------------
     0 | D:1      | slep the Demonspawn Wanderer began the quest for the Orb.
     0 | D:1      | slep set off with: a Young Poisoner's Handbook, the Tome of Transmutation, a +0 buckler, a +0 robe, a +0 club, a bread ration
     0 | D:1      | Reached XP level 1. HP: 15/15 MP: 1/1
   275 | D:1      | Gained mutation: When hurt, damage is shared between your health and your magic reserves. [demonic ancestry]
   275 | D:1      | Reached XP level 2. HP: 11/21 MP: 2/2
   282 | D:1      | HP: 1/21 [leopard gecko (3)]
   284 | D:1      | Slain by a leopard gecko

Vault maps used:
D:1:      minmay_arrival_solitary_statue

Skill      XL: |  1 |
---------------+----+-----
Shields        | 2 |  2.0
Fighting       | |  1.2
Maces & Flails | |  1.0
Armour         | |  1.1
Dodging        | |  0.3
Stealth        | |  0.3
Summonings     | |  1.0
Poison Magic   | |  4.0

Action                   || total
-------------------------++-------
Melee: Club              ||    37
 Stab: Sleeping          ||     1
Armor: Robe              ||     8
Dodge: Dodged            ||    21
Block: Buckler           ||     8

Table legend:
 A = Spawn XP
 B = Non-spawn XP
 C = Spawn XP percentage of total XP
 D = Spawn monster count
 E = Non-spawn monster count
 F = Spawn count percentage of total count
 G = Total turns spent on level
                    A         B        C        D         E        F      G
               +---------+---------+-------+---------+---------+-------+---------
         Total |       0 |      12 |   0.0 |       0 |       7 |   0.0 |   284
               +---------+---------+-------+---------+---------+-------+---------
           D:1 |       0 |      12 |   0.0 |       0 |       7 |   0.0 |   284
               +---------+---------+-------+---------+---------+-------+---------
